 Dungeon Crawl Stone Soup version 0.32-a0-909-gc671339a80 (webtiles) character file.

Game seed: 16183487740844731017

2063 Jannitor the Ruffian (level 9, -11/127 HPs)
             Began as a Troll Shapeshifter on Apr 7, 2024.
             Was an Elder of Qazlal.
             Mangled by an orc knight
             ... wielding a +0 war axe
              (14 damage)
             ... in a bailey.
             The game lasted 00:07:10 (4831 turns).

Jannitor the Ruffian (Troll Shapeshifter)           Turns: 4831, Time: 00:07:10

Health: -11/127    AC: 28    Str: 24    XL:     9   Next: 5%
Magic:  10/11      EV:  1    Int:  6    God:    Qazlal [****..]
Gold:   338        SH:  5    Dex: 13    Spells: 8/8 levels left

rFire   . .          .
                       - Unarmed
rCold   . . .        (no shield)
rNeg    . . .        a - melded +0 animal skin
rPois   +            (helmet currently unavailable)
rElec   .            (cloak currently unavailable)
rCorr   .            (gloves unavailable)
SInv    .            (boots unavailable)
Will    +....        y - amulet of faith
Stlth   +            B - ring of willpower
HPRegen 1.21/turn    z - +4 ring of protection
MPRegen 0.12/turn

%: repel missiles, faith
@: mighty, lethally poisoned (-11 -> -11), tree-form
A: stationary, stasis, torment immunity, boosted hp, large, unfitting armour,
(claws 3), regeneration 1, (shaggy fur 1), (tough skin 1)
a: Renounce Religion, Upheaval, Elemental Force


You were in a bailey.
You worshipped Qazlal.
Qazlal was greatly pleased with you.
You were a tree.
You visited 1 branch of the dungeon, and saw 7 of its levels.
You also visited: Bailey.

You collected 338 gold pieces.

Inventory:

Missiles
 k - 19 boomerangs
 A - 2 throwing nets (quivered)
Armour
 a - a +0 animal skin (melded)
Jewellery
 r - a ring of positive energy
 y - an amulet of faith (around neck)
 z - a +4 ring of protection (right branch)
 B - a ring of willpower (left branch)
 F - a ring of protection from cold
Talismans
 c - a beast talisman (active)
 d - a flux talisman
Wands
 t - a wand of acid (9)
 E - a wand of digging (7)
 K - a wand of mindburst (5)
Scrolls
 f - 2 scrolls of teleportation
 g - 3 scrolls of vulnerability
 i - 2 scrolls of amnesia
 l - a scroll of silence {unknown}
 p - 2 scrolls of enchant armour
 s - a scroll of noise {unknown}
 u - a scroll of fog {unknown}
 v - 3 scrolls of poison {unknown}
 w - 2 scrolls of blinking {unknown}
 I - a scroll of enchant weapon {unknown}
Potions
 b - a potion of lignification
 e - 2 potions of might
 h - a potion of degeneration {unknown}
 j - a potion of magic {unknown}
 m - 5 potions of curing {unknown}
 n - a potion of cancellation {unknown}
 o - a potion of heal wounds {unknown}
 q - a potion of attraction {unknown}
 x - 4 potions of mutation {unknown}
 C - a potion of enlightenment {unknown}
 D - 2 potions of invisibility {unknown}
 H - 2 potions of brilliance {unknown}
 J - a potion of haste {unknown}


   Skills:
 + Level 4.6 Fighting
 + Level 4.8 Dodging
 + Level 6.3 Unarmed Combat
 + Level 4.0 Invocations
 + Level 5.5 Shapeshifting


You had 8 spell levels left.
You didn't know any spells.
Your spell library contained the following spells:

 Spells                   Type           Power      Damage    Failure   Level
 Sandblast                Erth           0%         2d4       45%         1
 Slow                     Hex            0%         N/A       45%         1
 Sublimation of Blood     Necr           0%         N/A       58%         2
 Confusing Touch          Hex            0%         N/A       83%         3
 Stone Arrow              Conj/Erth      0%         3d7       83%         3
 Vampiric Draining        Necr           0%         2d6       83%         3
 Anguish                  Hex/Necr       0%         N/A       99%         4
 Brom's Barrelling Bould  Conj/Erth      0%         2d3       99%         4
 Cause Fear               Hex            0%         N/A       99%         4
 Petrify                  Alch/Erth      0%         N/A       99%         4
 Irradiate                Conj/Alch      0%         3d11      100%        5
 Enfeeble                 Hex            0%         N/A       100%        7


Dungeon Overview and Level Annotations

Branches:
Dungeon (7/15)             Temple (0/1) D:4          Bailey (1/1)

Altars:
Cheibriados
Hepliaklqana
Qazlal
Ru
Sif Muna
Trog
Uskayaw
Wu Jian
Yredelemnul

Shops:
D:5 *

Annotations:
D:3 1 runed translucent door, Crazy Yiuf


Innate Abilities, Weirdness & Mutations

You are a tree.
Your roots penetrate the ground, keeping you stationary.
You cannot be teleported.
You are immune to unholy pain and torment.
Your maximum health is greatly increased.
Your equipment is partially melded.
You are too large for most types of armour.
((You have claws for hands.))
Your natural rate of healing is unusually fast.
((You are covered in fur. (AC +1)))
((You have tough skin. (AC +1)))


Message History

You mangle the orc knight!!
The orc knight is moderately wounded.
You feel very sick.
An orc warrior comes into view.
It is wielding a +0 war axe and quivering datura-tipped darts.
The orc knight hits you with a +0 war axe!
Unknown command.
You claw the orc knight!
The orc knight is heavily wounded.
You feel sick.
You hear a shout!
Unknown command.
You completely miss the orc knight.
The orc knight is heavily wounded.
You feel sick.
You hear a shout!
The orc warrior no longer looks unusually strong.
The orc knight roars a battlecry!
The orc warriors go into a battle-frenzy!
You scratch the orc knight.
The orc knight is heavily wounded.
You feel sick.
The orc knight hits you with a +0 war axe!!
Unknown command.
You completely miss the orc knight.
The orc knight is heavily wounded.
The orc knight hits you with a +0 war axe!!
* * * LOW HITPOINT WARNING * * *
Unknown command.
You mangle the orc knight!!
The orc knight is almost dead.
You feel sick.
The orc knight hits you with a +0 war axe!!
* * * LOW HITPOINT WARNING * * *
Unknown command.
Your transformation has ended.
You turn into a tree.
Your +0 animal skin melds into your body.
Your roots penetrate the ground.
You feel sick.
The orc knight hits you with a +0 war axe!
You die...

###'### ##..(..##
#...ß...# #∩[...)∩#
##.....##
####'''####
##~.......~##
#####K~.......~~####
#..♣ooo.......~)....
#.###○~.......~~###.
#. ..~~.......~~....
#.###~~.......~~###.
#. .~~.......~~....
#. ##~~.......~~###.
#. .~~.......~~....
#. #~~.......~~###.
.~~.......~~....


You could see an orc knight, 2 orc warriors and a kobold brigand.

Vanquished Creatures
  Grinder (D:5)
  3 orc warriors
  An ice beast (D:6)
  A centaur (D:6)
  2 phantoms
  A bullfrog (D:7)
  6 kobold brigands (Bailey)
  A howler monkey (D:6)
  2 bombardier beetles
  2 hounds
  2 jellies
  3 orc priests (D:6)
  A gnoll bouda (D:6)
  An iguana (D:4)
  Terence (D:2)
  Natasha (twice) (D:3)
  2 orc wizards (D:6)
  10 gnolls
  6 adders
  2 white imps
  2 ufetubi (D:6)
  2 ribbon worms (D:2)
  4 dart slugs
  18 orcs
  7 ball pythons
  11 endoplasms
  7 giant cockroaches
  2 hobgoblins
  12 kobolds
  5 quokkas
  2 bats
  9 frilled lizards
  8 goblins
  8 rats
147 creatures vanquished.

Notes
Turn   | Place    | Note
-------+----------+-------------------------------------------
     0 | D:1      | Jannitor the Troll Shapeshifter began the quest for the
                  | Orb.
     0 | D:1      | Reached XP level 1. HP: 18/18 MP: 0/0
    62 | D:1      | Reached skill level 1 in Fighting
    76 | D:1      | Reached XP level 2. HP: 26/27 MP: 1/1
   444 | D:1      | Reached XP level 3. HP: 18/33 MP: 2/2
   597 | D:2      | Reached XP level 4. HP: 40/42 MP: 3/3
   690 | D:2      | Found a basalt altar of Yredelemnul.
   993 | D:2      | Noticed Terence
   999 | D:2      | Killed Terence
  1003 | D:2      | Reached skill level 4 in Unarmed Combat
  1250 | D:3      | Noticed Natasha
  1255 | D:3      | Killed Natasha
  1256 | D:3      | Reached XP level 5. HP: 46/49 MP: 4/4
  1282 | D:3      | Found a shimmering blue altar of Sif Muna.
  1403 | D:3      | Found a faded altar of an unknown god.
  1416 | D:3      | Prayed at the altar of an unknown god.
  1416 | D:3      | Became a worshipper of Qazlal Stormbringer
  1416 | D:3      | Reached * piety under Qazlal
  1555 | D:3      | Noticed Natasha
  1563 | D:3      | Killed Natasha
  1660 | D:3      | Found a runed translucent door.
  1661 | D:3      | Noticed Crazy Yiuf
  1838 | D:3      | Noticed a phantom
  1849 | D:3      | Killed a phantom
  1850 | D:3      | Reached XP level 6. HP: 50/59 MP: 5/5
  2276 | D:4      | Found a bloodstained altar of Trog.
  2296 | D:4      | Found a staircase to the Ecumenical Temple.
  2457 | D:4      | Reached ** piety under Qazlal
  2847 | D:4      | Reached skill level 1 in Invocations
  3166 | D:4      | Found a stormy altar of Qazlal.
  3166 | D:4      | Found a hazy altar of Hepliaklqana.
  3230 | D:5      | Entered Level 5 of the Dungeon
  3438 | D:5      | Found a sacrificial altar of Ru.
  3504 | D:5      | Noticed Grinder
  3510 | D:5      | Killed Grinder
  3511 | D:5      | Reached skill level 5 in Unarmed Combat
  3511 | D:5      | Reached XP level 7. HP: 65/67 MP: 7/7
  3695 | D:5      | Found a hide-covered altar of Uskayaw.
  3697 | D:5      | Found Deatta's Fire Supplies.
  3697 | D:5      | Found an ornate altar of the Wu Jian Council.
  3737 | D:5      | Found a snail-covered altar of Cheibriados.
  4105 | D:6      | Reached XP level 8. HP: 48/78 MP: 7/9
  4324 | D:6      | Reached *** piety under Qazlal
  4460 | D:6      | Reached skill level 5 in Shapeshifting
  4577 | D:7      | Identified the +1 falchion of Gluttony {heavy, rF+ Int+2
                  | Stlth+}
  4595 | D:7      | Found a flagged portal.
  4623 | Bailey   | Entered a bailey
  4646 | Bailey   | Reached skill level 6 in Unarmed Combat
  4694 | Bailey   | Reached **** piety under Qazlal
  4786 | Bailey   | Identified the +0 robe "Zaicac" {rElec rPois rC- Will++}
  4795 | Bailey   | Noticed an orc knight
  4817 | Bailey   | Reached XP level 9. HP: 77/85 MP: 10/10
  4830 | Bailey   | HP: 2/85 [orc knight/+0 war axe (19)]
  4831 | Bailey   | Mangled by an orc knight

Illustrated notes

Levels and vault maps discovered:
D:1:      heliophobic_arrival_glass_houses, layout_rooms
D:2:      layout_loops_ring, basic_altar, minmay_lizard_pond, uniq_terence
D:3:      minmay_chambers_of_twos, layout_basic,
          mainiacjoe_overflow_surrounded_room,
          hellmonk_ecumenical_altar_heavens_door, uniq_crazy_yiuf_cottage,
          uniq_natasha
D:4:      layout_basic, nicolae_overflow_two_pavilions,
          mainiacjoe_overflow_six_doors_small, minmay_temple_entry_mist,
          minmay_quadrilaterals
D:5:      layout_basic, mainiacjoe_overflow_tiny_flanked,
          gammafunk_temple_overflow_forgotten, nicolae_shop_fire_sale
          [nicolae_sub_dead_trees], uniq_grinder
D:6:      layout_basic, minmay_misc_feat_cross
D:7:      layout_basic, okawaru_altar_gauntlet_db, enter_bailey_5
Bailey:   bailey_axe_3, bailey

Skill      XL: |  1  2  3  4  5  6  7  8  9 |
---------------+----------------------------+-----
Fighting       | 1 2 3 4 |  4.6
Dodging        | 2 3 4 |  4.8
Unarmed Combat | 4 5 6 |  6.3
Invocations    | 2 3 4 |  4.0
Shapeshifting  | 4 5 |  5.5

Action                     |  1- 3 |  4- 6 |  7- 9 || total
---------------------------+-------+-------+-------++-------
  Melee: Unarmed           |    44 |   155 |   179 ||   378
         Punch             |       |     4 |     8 ||    12
  Evoke: Wand              |       |       |     2 ||     2
    Use: Scroll            |       |       |     8 ||     8
         Potion            |       |       |     3 ||     3
 Armour: Animal skin       |    30 |    70 |    82 ||   182
         Skin              |       |       |    49 ||    49
  Dodge: Dodged            |    13 |    67 |    62 ||   142
  Block: Other             |       |     9 |    29 ||    38

Table legend: (Time is in decaauts)
 A = Elapsed time spent in this place.
 B = Non-inter-level travel time spent in this place.
 C = Inter-level travel time spent in this place.
 D = Time resting spent in this place.
 E = Time spent auto-exploring this place.
 F = Levels seen in this place.
 G = Mean time per level.
                   A        B        C        D        E       F      G
               +--------+--------+--------+--------+--------+-----+--------+
         Total |   4802 |   4678 |    124 |    267 |   3596 |   8 |  600.2 |
       Dungeon |   4597 |   4473 |    124 |    219 |   3570 |   7 |  656.7 |
        Bailey |    205 |    205 |      0 |     48 |     26 |   1 |  205.0 |
               +--------+--------+--------+--------+--------+-----+--------+

Top non-repeatable levels by time:
     D:4: 1014 daAuts
     D:3: 1000 daAuts
     D:5: 708 daAuts
     D:2: 631 daAuts
     D:6: 611 daAuts
     D:1: 572 daAuts
  Bailey: 205 daAuts
     D:7: 58 daAuts
